Map: Acropolis LE

Players

Mez - Winner!

  • Race: Terran Terran
  • League: Master
  • Spawn Location: 11:00

Anhedonia

  • Race: Protoss Protoss
  • League: Master
  • Spawn Location: 5:00

VOD

Have the link to the VOD?

Description

Time

  • Played on: July 29, 2019, 12:50 a.m.
  • Length: 13:37
Show
View Real Time Build Order
Export as new Build Order

Mez Terran - Winner!

Build Orders: Reaper Expand 

Get SALT Encoding   

  12  0:00  SCV  
  13  0:13  SCV  
  14  0:17  Supply Depot  
  14  0:25  SCV  
  15  0:38  SCV  
  15  0:39  Barracks  
  16  0:44  Refinery  
  16  0:50  SCV  
  17  1:03  SCV  
  18  1:15  SCV  
  19  1:28  Reaper  
  19  1:29  Orbital Command  
  20  1:45  Command Center  
  20  1:54  SCV  
  20  1:58  Barracks  
  21  2:04  Barracks Reactor  
  21  2:07  SCV  
  22  2:17  Supply Depot  
  22  2:19  SCV  
  22  2:22  Barracks  
  23  2:39  SCV  
  23  2:40  Marine x2  
  26  2:47  Barracks Tech Lab  
  26  2:51  SCV  
  27  2:59  Orbital Command  
  27  3:03  SCV, Marine  
  27  3:04  Marine  
  30  3:07  Concussive Shells  
  30  3:08  Marauder  
  32  3:15  SCV  
  32  3:18  Marine  
  34  3:25  SCV  
  34  3:26  Marine x2, Supply Depot  
  37  3:27  SCV  
  37  3:31  Engineering Bay  
  37  3:32  Marauder  
  40  3:39  SCV x2  
  42  3:51  Marine  
  42  3:52  Marine x2  
  42  3:53  SCV x2, Marine  
  47  3:58  Stimpack  
  47  4:02  Missile Turret  
  47  4:03  Supply Depot  
  47  4:07  SCV x2  
  49  4:10  Missile Turret  
  49  4:11  Marine x4  
  53  4:20  Factory, SCV  
  54  4:25  SCV  
  54  4:27  Supply Depot  
  55  4:32  Refinery, SCV  
  55  4:34  Refinery  
  55  4:35  Marine x2  
  55  4:37  SCV, Marine  
  60  4:38  Marine  
  60  4:44  SCV  
  62  4:49  SCV  
  62  4:53  Supply Depot  
  62  5:03  SCV x2  
  64  5:11  Starport, Factory Reactor  
  64  5:13  Command Center  
  64  5:14  Bunker  
  64  5:15  SCV  
  64  5:16  SCV  
  64  5:18  Marine x2  
  64  5:20  Marauder  
  71  5:24  Barracks Tech Lab  
  69  5:30  SCV x2  
  71  5:37  Marine  
  71  5:38  Marine  
  71  5:41  Supply Depot  
  73  5:43  Combat Shield, Terran Infantry Weapons Level 1, Supply Depot  
  73  5:49  SCV x2  
  75  5:55  Supply Depot  
  75  5:58  Refinery, Medivac  
  75  6:01  SCV  
  75  6:02  Marine x4, Medivac  
  75  6:03  SCV  
  85  6:11  Supply Depot  
  85  6:12  Supply Depot  
  85  6:14  SCV  
  86  6:20  Marine  
  86  6:25  Marine, Barracks x2, Marauder x2  
  92  6:32  Medivac x2  
  94  6:35  SCV x2  
  97  6:47  SCV  
  97  6:48  SCV  
  99  6:54  Orbital Command, Supply Depot  
  99  6:59  Marine x2, Marauder x2  
  105  7:02  SCV, Medivac x2  
  105  7:05  Supply Depot  
  105  7:07  Armory  
  110  7:10  SCV  
  110  7:12  Engineering Bay  
  110  7:13  Barracks Reactor, Barracks Tech Lab  
  111  7:16  Marine  
  110  7:30  Marine  
  110  7:31  Marauder x2  
  110  7:34  Marine  
  116  7:41  Marauder  
  116  7:42  Medivac x2  
  122  7:48  Marine  
  123  7:52  Marine, Marauder x2  
  124  8:01  Marine  
  124  8:05  Marine x2  
  122  8:06  Marine  
  122  8:10  Marine  
  125  8:13  Marauder x2  
  125  8:18  Barracks x2  
  125  8:19  Barracks  
  131  8:20  Marauder  
  131  8:23  Marine x2  
  131  8:26  SCV  
  131  8:27  SCV  
  135  8:28  Command Center  
  135  8:30  SCV  
  135  8:34  Marine x2  
  136  8:35  Marauder x2  
  136  8:38  SCV  
  145  8:41  Marauder  
  145  8:46  Marine x2  
  147  8:49  SCV x2  
  149  8:56  Supply Depot  
  149  8:57  Supply Depot  
  149  9:04  Terran Infantry Weapons Level 2  
  149  9:06  Terran Infantry Armor Level 1  
  149  9:08  Barracks Reactor  
  149  9:09  Barracks Tech Lab x2  
  149  9:17  Marine x2  
  149  9:18  SCV, Marauder x2  
  149  9:19  Marauder  
  149  9:21  Medivac x2  
  149  9:24  Ghost Academy  
  162  9:39  Marauder  
  162  9:40  Marauder x2  
  168  9:55  Marine x3, Marauder  
  168  9:56  Marine x2, Marauder  
  177  10:01  Marauder  
  177  10:03  Marauder  
  152  10:25  Marine  
  152  10:26  Marine x4, Marauder x5  
  152  10:27  Medivac x2  
  165  10:33  Planetary Fortress  
  165  10:34  SCV x3  
  167  10:44  Marine x3  
  167  10:46  SCV x2  
  167  10:48  Refinery  
  167  10:49  Ghost, Refinery  
  173  10:50  Ghost x3  
  168  11:10  Ghost, Marine  
  168  11:11  Marine x5  
  168  11:17  Command Center  
  168  11:18  Ghost  
  171  11:22  Supply Depot  
  173  11:32  Ghost x2  
  173  11:35  Ghost  
  173  11:36  Marine  
  173  11:38  Supply Depot  
  180  11:43  Marine x6  
  186  11:47  Marine  
  186  11:54  Marine  
  186  12:01  Marine x2  
  191  12:08  Marine, Marauder  
  191  12:09  Marine x2, Marauder x3  
  191  12:13  Command Center  
  200  12:35  Command Center  
  200  12:38  Missile Turret  
Show
View Real Time Build Order
Export as new Build Order

Anhedonia Protoss 

Build Orders: 1 Gate Expand, Colossus Rush 

Get SALT Encoding   

  12  0:01  Probe  
  13  0:13  Probe  
  14  0:17  Pylon  
  14  0:22  Probe  
  15  0:31  Probe  
  16  0:38  Gateway  
  16  0:40  Probe  
  16  0:46  Assimilator  
  17  0:52  Probe  
  18  0:58  Pylon  
  18  1:04  Probe  
  19  1:16  Probe  
  20  1:35  Nexus  
  20  1:44  Cybernetics Core  
  20  1:48  Assimilator  
  20  1:52  Probe  
  21  2:04  Probe  
  22  2:10  Adept  
  22  2:22  Robotics Facility  
  24  2:24  Warp Gate  
  24  2:36  Probe  
  25  2:40  Stalker  
  27  2:54  Stargate  
  27  2:56  Gateway  
  27  3:01  Gateway  
  27  3:07  Probe x2  
  27  3:12  Observer  
  30  3:15  Probe x2  
  32  3:24  Probe x2  
  32  3:26  Pylon  
  34  3:35  Probe x2  
  37  3:56  Probe x2  
  37  3:57  Immortal  
  39  4:06  Robotics Bay  
  41  4:12  Shield Battery  
  41  4:13  Zealot x3  
  45  4:33  Stalker  
  45  4:34  Stalker x2  
  45  4:36  Probe x2  
  53  4:48  Probe, Observer  
  54  4:54  Pylon  
  54  4:57  Pylon  
  54  4:58  Probe  
  53  5:01  Colossus  
  53  5:05  Assimilator  
  59  5:26  Nexus  
  59  5:27  Pylon  
  59  5:36  Probe x2  
  61  5:44  Probe  
  61  5:45  Probe  
  63  5:51  Colossus  
  63  5:52  Twilight Council  
  63  5:53  Forge  
  63  5:55  Pylon  
  69  6:00  Probe x2, Shield Battery  
  69  6:03  Assimilator  
  71  6:05  Charge  
  71  6:09  Extended Thermal Lance  
  71  6:12  Probe x2  
  73  6:27  Pylon  
  73  6:29  Protoss Ground Weapons Level 1  
  73  6:31  Pylon  
  73  6:32  Pylon  
  73  6:41  Probe x3  
  76  6:49  Colossus  
  76  6:53  Probe x3  
  85  7:03  Photon Cannon  
  85  7:06  Pylon  
  84  7:12  Templar Archives  
  84  7:14  Zealot x2  
  84  7:15  Zealot  
  90  7:40  Probe x3  
  90  7:41  Photon Cannon  
  90  7:42  Stalker, Pylon  
  90  7:43  Zealot x2, Observer  
  96  8:15  Zealot x3  
  96  8:18  Psionic Storm  
  102  8:20  Blink  
  102  8:21  Gateway  
  102  8:22  Gateway  
  102  8:24  Probe x3  
  102  8:26  Gateway  
  105  8:27  Gateway  
  105  8:29  Gateway  
  105  8:30  Protoss Ground Weapons Level 2  
  105  8:36  Probe x3  
  108  8:44  Nexus  
  108  8:45  Pylon  
  108  8:48  High Templar x2  
  112  8:49  Pylon  
  112  8:52  Assimilator  
  112  8:53  Photon Cannon  
  112  8:54  Assimilator  
  112  8:58  Photon Cannon  
  112  9:00  High Templar  
  114  9:11  Archon  
  114  9:12  Photon Cannon  
  114  9:16  Photon Cannon  
  114  9:20  High Templar, Photon Cannon  
  114  9:22  High Templar  
  118  9:32  High Templar, Zealot x2  
  118  9:33  Zealot x2  
  118  9:34  Zealot  
  130  9:45  Photon Cannon  
  130  9:47  Probe x2  
  130  9:48  Probe  
  130  9:49  Shield Battery  
  133  9:59  Zealot x4  
  139  10:09  Zealot x4  
  110  10:33  Zealot x4  
  114  10:46  Photon Cannon  
  114  10:47  Stalker x3  
  114  10:48  Stalker, Photon Cannon  
  122  10:50  Photon Cannon  
  122  10:51  Probe x4  
  124  11:03  Probe x3  
  127  11:11  Probe  
  127  11:15  Probe x2  
  127  11:17  Photon Cannon  
  130  11:20  Assimilator  
  130  11:22  Probe  
  130  11:23  Assimilator, Probe  
  132  11:27  Probe  
  132  11:29  Fleet Beacon  
  132  11:31  Probe, Stargate  
  132  11:32  Pylon  
  134  11:34  Probe, Stargate  
  134  11:35  Probe  
  134  11:38  Photon Cannon  
  136  11:44  Probe x2  
  136  11:46  Probe, Observer  
  139  11:55  Probe  
  139  11:56  Probe x2  
  139  11:58  Probe  
  143  12:05  Forge  
  143  12:07  Probe, Tempest  
  143  12:08  Tempest x2  
  144  12:11  Probe x3  
  162  12:33  Pylon  
  162  12:34  Observer  
  162  12:38  Nexus  
  162  12:40  Pylon  
  163  12:47  Stalker  
  163  12:48  Pylon  
  163  12:51  Pylon  
  163  12:52  Pylon  
  163  12:53  Observer, Pylon  
  163  12:55  Pylon  
  178  12:59  Pylon  
  177  13:12  Stalker x5  
  183  13:13  Stalker x2  
  183  13:14  Observer  
  185  13:31  Zealot  
Tags
 
Add a new tag
Caveats
  • Supply blocks, unpowered buildings, or Contaminate may cause inaccurate times.
  • Supply counts are checked every 10 seconds.